AoeStats
← 凉拌皮蛋

Black Forest

506359706Analyzed
4v4 RM · 19d ago on Sep 13, 2026· 47m 13s· 8 players
Game mode
Random Map
Map size
Large (8 player)
Population
200
Speed
Normal
Resources
Standard
Victory
Conquest
Starting age
Dark Age
Ending age
Imperial Age
RankedLock teamsTeams togetherTeam positionsShared explorationLock speedFull tech treeHidden civsTurbo modeCheats
Victory
Defeat
🇹🇼 Poles · Taiwan
1501
+16
🇨🇳 Mongols · China
1494
+16
🇨🇳 Malians · China
1472
+17
🇹🇼 Persians · Taiwan
1441
+19
🇵🇱 Shu · Poland
1577
-20
🇹🇷 Teutons · Türkiye
1501
-17
🇨🇭 Mongols · Switzerland
1490
-17
🇸🇬 Khmer · Singapore
1436
-14
凉拌皮蛋
10:26 Feudal Age
11:40 Double-Bit Axe
11:43 Horse Collar
14:36 Castle Age
15:44 Bow Saw
15:35 Heavy Plow
20:06 Wheelbarrow
21:04 Gold Mining
21:09 Stone Mining
21:22 Gold Mining
22:52 Stone Shaft Mining
23:19 Hand Cart
25:09 Gold Shaft Mining
24:59 Loom
26:10 Town Watch
29:44 Imperial Age
27:18 Fletching
28:21 Ballistics
28:12 Bloodlines
28:03 Husbandry
28:04 Bodkin Arrow
28:46 Nomads
29:19 Padded Archer Armor
29:26 Thumb Ring
30:25 Leather Archer Armor
30:24 Caravan
29:54 Elite Mangudai
31:31 Drill
31:32 Conscription
31:18 Bracer
32:27 Chemistry
31:21 Capped Ram
32:43 Town Patrol
32:54 Siege Engineers
33:40 Parthian Tactics
33:56 Coinage
33:44 Siege Ram
35:22 Banking
elmor
1:01 Loom
11:23 Feudal Age
11:35 Man-at-Arms
12:02 Double-Bit Axe
15:28 Fletching
17:39 Town Watch
18:44 Horse Collar
20:35 Wheelbarrow
23:04 Castle Age
23:57 Heavy Plow
24:04 Bodkin Arrow
24:58 Bow Saw
31:49 Gold Mining
33:10 Hand Cart
35:46 Imperial Age
34:11 Padded Archer Armor
35:16 Leather Archer Armor
35:36 Bloodlines
35:26 Husbandry
37:28 Chemistry
35:54 Heavy Cavalry Archer
36:44 Bracer
39:33 Thumb Ring
44:16 Scale Barding Armor
45:15 Forging
45:53 Caravan
46:45 Chain Barding Armor
46:21 Light Cavalry
nostop333
11:02 Feudal Age
12:13 Double-Bit Axe
14:40 Castle Age
12:42 Double-Bit Axe
13:00 Horse Collar
14:20 Gold Mining
15:58 Bow Saw
18:44 Scale Barding Armor
27:02 Wheelbarrow
26:13 Loom
29:24 Stone Mining
30:10 Gold Shaft Mining
29:50 Heavy Plow
37:50 Imperial Age
36:00 Bloodlines
36:05 Husbandry
36:18 Forging
36:51 Hand Cart
37:53 Chain Barding Armor
38:09 Iron Casting
37:39 Town Watch
37:42 Cavalier
40:11 Blast Furnace
39:46 Plate Barding Armor
40:28 Savar
42:12 Conscription
43:46 Crop Rotation
44:17 Two-Man Saw
44:11 Light Cavalry
45:13 Hussar
46:40 Squires
46:00 Pikeman
46:42 Scale Mail Armor
海的盒子
10:21 Feudal Age
14:07 Castle Age
12:55 Double-Bit Axe
13:06 Horse Collar
15:03 Bow Saw
15:36 Loom
24:23 Gold Mining
26:05 Wheelbarrow
30:28 Imperial Age
28:29 Caravan
28:21 Stone Mining
29:08 Gold Shaft Mining
28:38 Heavy Plow
30:00 Stone Shaft Mining
29:47 Hand Cart
30:15 Town Watch
31:41 Conscription
31:20 Fletching
32:31 Chemistry
31:53 Ballistics
32:03 Crop Rotation
31:31 Onager
32:20 Bodkin Arrow
32:53 Guilds
32:57 Forging
32:59 Masonry
32:57 Elite Gbeto
33:38 Farimba
33:45 Scale Barding Armor
33:44 Scale Mail Armor
33:36 Siege Onager
38:19 Chain Mail Armor
38:40 Iron Casting
38:42 Squires
38:25 Treadmill Crane
39:33 Plate Mail Armor
40:08 Arson
45:21 Scale Barding Armor
ForeveR
10:53 Feudal Age
14:36 Castle Age
12:51 Double-Bit Axe
14:27 Horse Collar
15:50 Bow Saw
15:40 Heavy Plow
15:55 Bow Saw
19:15 Fletching
23:10 Bodkin Arrow
26:07 Wheelbarrow
25:17 Loom
25:18 Town Watch
26:13 Gold Mining
26:14 Stone Mining
27:38 Hand Cart
28:46 Gold Shaft Mining
32:34 Imperial Age
30:15 Padded Archer Armor
30:22 Scale Barding Armor
31:44 Chain Barding Armor
31:47 Ballistics
31:22 Murder Holes
31:43 Masonry
33:24 Bracer
33:25 Padded Archer Armor
34:53 Chemistry
33:59 Siege Engineers
34:24 Architecture
34:44 Conscription
34:47 Bolt Magazine
35:40 Leather Archer Armor
36:02 Plate Barding Armor
36:01 Elite White Feather Guard
40:43 Caravan
41:22 Coiled Serpent Array
41:25 Scale Mail Armor
41:35 Forging
44:20 Chain Mail Armor
MuRoo*
3:57 Loom
11:34 Feudal Age
15:15 Castle Age
14:10 Double-Bit Axe
14:07 Horse Collar
20:59 Stone Mining
21:20 Bow Saw
21:20 Heavy Plow
23:59 Gold Mining
25:30 Wheelbarrow
26:12 Stone Shaft Mining
30:02 Imperial Age
28:36 Scale Mail Armor
28:47 Forging
29:05 Ballistics
29:38 Hand Cart
30:18 Chain Mail Armor
31:48 Chemistry
30:38 Elite Teutonic Knight
32:40 Plate Mail Armor
33:00 Conscription
35:36 Iron Casting
37:30 Scale Barding Armor
38:26 Blast Furnace
38:39 Chain Barding Armor
39:20 Bloodlines
38:32 Cavalier
40:40 Fletching
41:45 Bodkin Arrow
44:03 Padded Archer Armor
44:07 Elite Skirmisher
lorddoc
1:17 Loom
11:15 Feudal Age
13:18 Fletching
18:15 Castle Age
17:17 Double-Bit Axe
30:30 Wheelbarrow
34:39 Bow Saw
41:10 Imperial Age
39:14 Bodkin Arrow
39:20 Padded Archer Armor
40:01 Thumb Ring
41:37 Ballistics
41:30 Bloodlines
41:21 Husbandry
41:41 Leather Archer Armor
42:12 Bracer
42:12 Gold Mining
43:01 Parthian Tactics
43:10 Masonry
44:20 Chemistry
43:50 Heavy Camel Rider
44:39 Scale Barding Armor
44:45 Forging
47:00 Conscription
BraveHeart
11:01 Feudal Age
11:27 Feudal Age
14:31 Castle Age
12:33 Double-Bit Axe
12:50 Horse Collar
15:45 Heavy Plow
17:12 Bow Saw
18:17 Loom
21:40 Wheelbarrow
23:08 Gold Mining
24:47 Hand Cart
25:48 Stone Mining
29:23 Imperial Age
28:03 Stone Shaft Mining
27:51 Fletching
28:02 Padded Archer Armor
28:48 Gold Shaft Mining
28:45 Bodkin Arrow
28:56 Scale Barding Armor
29:36 Leather Archer Armor
29:43 Ballistics
29:46 Elite Ballista Elephant
31:06 Chain Barding Armor
31:05 Bracer
32:13 Chemistry
32:26 Crop Rotation
32:38 Husbandry
32:48 Bloodlines
33:26 Double Crossbow
34:26 Ring Archer Armor
35:19 Plate Barding Armor
38:43 Forging
39:20 Conscription
41:10 Iron Casting
40:47 Masonry
40:54 Masonry
41:45 Siege Engineers
42:04 Caravan
46:26 Light Cavalry
Connection lost

Rejoining the realm…

Still unreachable

The connection could not be restored.

Session expired

The server has moved on; the page needs a fresh start.